[Event "*** Titled Tuesday Blitz"]
[Site "Chess.com"]
[Date "2018.01.02"]
[Round "6"]
[White "rasool78"]
[Black "TastyFrenchFries"]
[Result "1-0"]
[WhiteElo "2305"]
[BlackElo "2315"]
[TimeControl "180+2"]
[EndTime "14:21:04 PST"]
[Termination "rasool78 won by resignation"]

1. e4 e6 2. d4 d5 3. Nc3 Bb4 4. e5 c5 5. Bd2 Ne7 6. Nb5 Bxd2+ 7. Qxd2 O-O 8. f4 cxd4 9. Nf3 Nbc6 10. O-O-O f6 11. exf6 Rxf6 12. Nbxd4 Qd6 13. g3 Bd7 14. Kb1 Nxd4 15. Nxd4 Nc6 16. Nf3 a5 17. Bb5 a4 18.
Rhe1 a3 19. b3 Rc8 20. Bxc6 bxc6 21. Ne5 Be8 22. g4 c5 23. h4 Qb6 24. h5 c4 25.
Qd4 Qb5 26. g5 Rf8 27. h6 cxb3 28. axb3 Bh5 29. Rd2 Qa5 30. Nc6 Qc7 31. hxg7 Rf7 32. Ne5 Re7 33. Ka2 Bg6 34. Re3 Rxg7 35. Nxg6 hxg6 36.
Qe5 Qxe5 37. Rxe5 Kf7 38. Kxa3 Rh7 39. Kb2 Rh4 40. Rf2 Ke7 41. Re3 Rf8 42. Rfe2 Rfxf4 43. Rxe6+ Kd7 44. Rxg6 Rhg4 45. Rh2 Rf7 46. Rhh6 Ke7 47.
Re6+ Kf8 48. g6 Rd7 49. Rh8+ Kg7 50. Rh7+ 1-0

[Event "*** Titled Tuesday Blitz"]
[Site "Chess.com"]
[Date "2018.01.02"]
[Round "6"]
[White "Kirill_Klukin"]
[Black "asms9699"]
[Result "0-1"]
[WhiteElo "2460"]
[BlackElo "2505"]
[TimeControl "180+2"]
[EndTime "14:21:13 PST"]
[Termination "asms9699 won by resignation"]

1. Nf3 d5 2. c4 c6 3. e3 Nf6 4. b3 g6 5. Bb2 Bg7 6. Be2 O-O 7. O-O Bg4 8. d4 Nbd7 9. Nbd2 e6 10. Ne5 Bxe2 11. Qxe2 Nxe5 12. dxe5 Ne4 13. Nxe4 dxe4 14.
Rfd1 Qa5 15. Rd7 Bxe5 16. Rxb7 Bxb2 17. Qxb2 Rad8 18. h4 Rd2 19. Qf6 Rxa2 20. Rd1 Rd2 21. Rxd2 Qxd2 22. Rxa7 Qd1+ 23. Kh2 Qxb3 24. h5 Qd1 25. f3 Qd8 26. Re7 gxh5 27. Qg5+ Kh8 28. Qf6+ Kg8 29. fxe4 Qd6+ 30. e5 Qd3 31. Qg5+ Qg6 32.
Qxg6+ hxg6 33. Rc7 Rd8 34. Rxc6 Rd3 35. Kg3 Rxe3+ 36. Kf4 Rc3 37. g4 h4 38. Kg5 h3 39.
Kh6 Kf8 40. Rc8+ Ke7 41. Rh8 Rxc4 42. Kg7 Rxg4 43. Rxh3 Rf4 44. Ra3 Kd7 45. Ra7+ Kc6 46. Kh6 Kd5 47. Ra5+ Ke4 48. Kg7 g5 0-1

[Event "*** Titled Tuesday Blitz"]
[Site "Chess.com"]
[Date "2018.01.02"]
[Round "6"]
[White "attack2mateU"]
[Black "Vrolijk"]
[Result "1-0"]
[WhiteElo "2612"]
[BlackElo "2431"]
[TimeControl "180+2"]
[EndTime "14:21:15 PST"]
[Termination "attack2mateU won by checkmate"]

1. e4 e5 2. Nf3 Nc6 3. d4 exd4 4. Nxd4 Bc5 5. Nb3 Bb6 6. Nc3 Nf6 7. Bg5 a5 8. Bb5 h6 9. Bh4 O-O 10. O-O d6 11.
Bxc6 bxc6 12. Nd4 Bd7 13. Qd3 Qe7 14. Rfe1 Qe5 15. Nf3 Qf4 16. h3 g5 17. g3 Bxf2+ 18. Kxf2 Ng4+ 19. hxg4 Qxg4 20. Rg1 Be6 21. Nd1 f5 22.
Ne3 Qxe4 23. Nxg5 hxg5 24. Bxg5 Qe5 25. b3 a4 26. Bf4 Qb2 27. Nc4 Qg7 28. Rae1 Bd5 29.
Nd2 axb3 30. axb3 Rae8 31. Rxe8 Rxe8 32. Re1 Rf8 33. c4 Qh7 34. cxd5 Qh2+ 35. Kf1 Qh3+ 36. Ke2 Re8+ 37. Kd1 Qg4+ 38. Qf3 Rxe1+ 39. Kxe1 Qg7 40.
dxc6 Qa1+ 41. Ke2 Qd4 42. Qe3 Qd5 43. Qe8+ Kg7 44. Qe7+ Kg6 45. Qxc7 Qg2+ 46. Kd1 Qg1+ 47. Kc2 Qc5+ 48. Kb1 Qg1+ 49. Ka2 Qd1 50. Qxd6+ Kh5 51.
Qc5 Kg4 52. c7 Qh1 53. c8=Q Qh8 54. Q5xf5# 1-0

[Event "*** Titled Tuesday Blitz"]
[Site "Chess.com"]
[Date "2018.01.02"]
[Round "6"]
[White "TheBigBoss04"]
[Black "catalin009"]
[Result "1-0"]
[WhiteElo "2483"]
[BlackElo "2351"]
[TimeControl "180+2"]
[EndTime "14:21:27 PST"]
[Termination "TheBigBoss04 won by resignation"]

1. Nf3 Nf6 2. d4 e6 3. Bf4 b6 4.
e3 Bb7 5. Be2 c5 6. c3 Be7 7. h3 O-O 8. O-O cxd4 9. exd4 d6 10. a4 a6 11. Bh2 Nbd7 12. Nbd2 Re8 13. Qb3 Rb8 14. Rfd1 Qc7 15. Bd3 Bf8 16. Qc4 Qxc4 17. Nxc4 Bxf3 18. gxf3 d5 19. Ne5 Ra8 20. f4 g6 21. Re1 Bh6 22. Kg2 Kf8 23. Kf3 Bg7 24. Ra3 Rec8 25. Rb3 Ra7 26. Bg3 h5 27. Bh4 Nxe5+ 28.
fxe5 Nd7 29. Ke2 Ke8 30. f4 Bh6 31. Bg5 Bf8 32. Kd2 Rb8 33. Rf1 Be7 34. h4 Bf8 35.
Ra1 Be7 36. Be2 Kd8 37. c4 dxc4 38. Bxc4 a5 39. Bb5 Ke8 40. Rc1 Bb4+ 41. Ke3 Be7 42. Rbc3 Bxg5 43. fxg5 Kd8 44. Ke4 Rab7 45. Ba6 Ra7 46.
Rc8+ Rxc8 47. Rxc8+ Ke7 48. Bb5 Rb7 49. Bc6 Ra7 50. Kf4 Ra6 51. Rc7 1-0

[Event "*** Titled Tuesday Blitz"]
[Site "Chess.com"]
[Date "2018.01.02"]
[Round "6"]
[White "BillCoe"]
[Black "Maili15"]
[Result "0-1"]
[WhiteElo "1924"]
[BlackElo "2297"]
[TimeControl "180+2"]
[EndTime "14:21:27 PST"]
[Termination "Maili15 won by resignation"]

1. e4 c5 2. Nf3 d6 3. d4 cxd4 4. Nxd4 Nf6 5. Nc3 a6 6. h3 e5 7. Nde2 Be6 8. g4 Be7 9. Ng3 b5 10. Bg2 Nc6 11. O-O O-O 12. b3 Nd4 13. Nce2 Nxe2+ 14. Qxe2 Rc8 15. Bb2 Qc7 16. Rac1 Rfd8 17. Rfd1 Qa5 18. Ra1 Rc6 19. a4 b4 20. Nf5 Bf8 21. Ne3 Rdc8 22. Rd2 Qc7 23. Rad1 g6 24. f3 Bh6 25. Rc1 Qb6 26. Rd3 Bxe3+ 27. Rxe3 Rxc2 28.
Rxc2 Rxc2 29. Qxc2 Qxe3+ 30. Kh1 Qxb3 31. Qd2 Nd7 32.
Kh2 Nc5 33. h4 Nxa4 34. Bc1 Qc3 35. Qg5 Qc7 36. h5 Qc8 37. h6 Qf8 38. Qd2 b3 39. Qb4 b2 40. Bxb2 Qxh6+ 41. Kg3 Nxb2 42. Qxb2 Qf4+ 43.
Kf2 h5 44. gxh5 gxh5 45. Qb8+ Kg7 46. Qxd6 h4 47. Qxa6 h3 48. Bf1 h2 49. Bg2 Qh4+ 50.
Ke3 h1=Q 51. Bxh1 Qxh1 52. Qd6 Qe1+ 0-1

[Event "*** Titled Tuesday Blitz"]
[Site "Chess.com"]
[Date "2018.01.02"]
[Round "6"]
[White "Jbd735"]
[Black "aa175"]
[Result "1-0"]
[WhiteElo "2282"]
[BlackElo "1898"]
[TimeControl "180+2"]
[EndTime "14:21:32 PST"]
[Termination "Jbd735 won by checkmate"]

1. e4 e5 2. Nf3 Nc6 3. Bb5 Nge7 4. O-O Ng6 5. d4 exd4 6. Nxd4 Bc5 7. Nf5 O-O 8. Nc3 d6 9. Nd5 Nce7 10. Nfxe7+ Nxe7 11.
Bd3 c6 12. Nf4 Ng6 13. Nxg6 hxg6 14. Qf3 Be6 15. Bf4 Qf6 16. b3 g5 17. Be3 Qxf3 18.
gxf3 b5 19. Bxg5 Bh3 20. Rfe1 Bd4 21. Rad1 f6 22. Be3 Bc3 23. Bd2 Bd4 24. c3 Bc5 25. Bf4 g5 26. Bg3 Kg7 27. b4 Bb6 28. Bxd6 Rfd8 29.
e5 f5 30. Bc2 g4 31. Bxf5 g3 32. Bxh3 gxf2+ 33. Kf1 fxe1=Q+ 34. Rxe1 Rh8 35. Kg2 Rae8 36. f4 Rh6 37. e6 Rg6+ 38. Kf3 Bd8 39. Bg4 Be7 40.
Be5+ Bf6 41. f5 Rh6 42. Bf4 Rhh8 43. Rd1 Rd8 44. Rg1 Kf8 45. Ke4 Ke7 46. Be3 Rh4 47.
Bc5+ Rd6 48. h3 Rh7 49. Rd1 Be5 50. Kxe5 Rxh3 51. Bxd6+ Kd8 52. Bxh3 Ke8 53. Rg1 Kd8 54.
Rg8# 1-0

[Event "*** Titled Tuesday Blitz"]
[Site "Chess.com"]
[Date "2018.01.02"]
[Round "6"]
[White "Abrito99"]
[Black "jbj"]
[Result "1-0"]
[WhiteElo "2369"]
[BlackElo "2275"]
[TimeControl "180+2"]
[EndTime "14:21:33 PST"]
[Termination "Abrito99 won by resignation"]

1. e4 d6 2. d4 Nf6 3. Nc3 e5 4. Nf3 Nbd7 5. h3 Be7 6. Bc4 O-O 7. Be3 a6 8. a4 b6 9. O-O Bb7 10. Qd3 c6 11. Bb3 b5 12. Rfd1 Qc7 13. d5 cxd5 14.
Nxd5 Nxd5 15. Bxd5 Bxd5 16. Qxd5 bxa4 17. c3 Rab8 18.
Rd2 Rb5 19. Qd3 Rfb8 20. Qe2 Qc6 21. Rxa4 Rxb2 22. Rxa6 Rxd2 23. Bxd2 Qb7 24. Be3 Qxe4 25. Ra7 Rb7 26. Ra8+ Nf8 27. Qa6 Rb1+ 28. Kh2 Qb7 29.
Qa2 Rb2 30. Qa4 Qb5 31. Qa7 Qb7 32. Qa4 h6 33. Qe8 Kh7 34. Ra7 Kg6 35. Rxb7 Rxb7 36. Qc8 Rd7 37. c4 f5 38. c5 f4 39. c6 Rd8 40. Qg4+ Kf7 41. c7 fxe3 42. cxd8=Q Bxd8 43. fxe3 Bf6 44. Qf5 Ke7 45. Nd2 Ne6 46. Ne4 Ng5 47.
Nxf6 gxf6 48. Qg6 Nf7 49. Qg8 d5 50. Qa8 Ke6 51. Qc8+ Ke7 52. Kg3 Nd6 53. Qc6 Nf5+ 54. Kf2 d4 55. Qc7+ Ke6 56. Qc8+ Ke7 57. Qxf5 dxe3+ 58. Kxe3 1-0

[Event "*** Titled Tuesday Blitz"]
[Site "Chess.com"]
[Date "2018.01.02"]
[Round "6"]
[White "GMHess"]
[Black "Msb2"]
[Result "1-0"]
[WhiteElo "2624"]
[BlackElo "2733"]
[TimeControl "180+2"]
[EndTime "14:21:43 PST"]
[Termination "GMHess won by resignation"]

1. d4 Nf6 2. c4 e6 3. Nc3 Bb4 4. Qc2 d5 5. a3 Bxc3+ 6. Qxc3 dxc4 7. Qxc4 b6 8. Nf3 Ba6 9. Qa4+ Qd7 10. Qc2 h6 11.
Bf4 O-O 12. g3 Bb7 13. Bg2 Be4 14. Qxc7 Qxc7 15. Bxc7 Nc6 16. O-O Rac8 17. Be5 Nd7 18. Bd6 Rfd8 19. e3 a5 20. Ne5 Bxg2 21. Kxg2 Nf6 22.
Nxc6 Rxc6 23. Be7 Rdc8 24. Bxf6 gxf6 25. d5 exd5 26. Rfd1 Rc2 27. Rab1 R8c5 28. b4 R5c3 29. bxa5 bxa5 30. Rxd5 Rxa3 31. Rf5 Rxe3 32. Rxf6 Kg7 33.
Rf5 Ra2 34. Rb7 Re6 35. Rbxf7+ Kg6 36. h4 h5 37. Rf8 Kg7 38. Ra8 a4 39. Rg5+ Rg6 40.
Rxh5 Rf6 41. Rg5+ Kf7 42. Ra7+ Kf8 43. Kh3 Rfxf2 44. Rb5 Rf7 45. Rxf7+ Kxf7 46. Ra5 a3 47.
Kg4 Ra1 48. Kg5 a2 49. g4 Kf8 50. h5 Ke8 51. h6 Kf7 52. Ra8 Ke7 53. h7 Rh1 54. Rxa2 Kf7 55. Ra7+ Kf8 56. Kg6 1-0

[Event "*** Titled Tuesday Blitz"]
[Site "Chess.com"]
[Date "2018.01.02"]
[Round "6"]
[White "Alexander_Moskalenko"]
[Black "GGuseinov"]
[Result "0-1"]
[WhiteElo "2752"]
[BlackElo "2706"]
[TimeControl "180+2"]
[EndTime "14:21:51 PST"]
[Termination "GGuseinov won by resignation"]

1. Nf3 g6 2. c4 Bg7 3. d4 d6 4. e3 Nf6 5. Be2 O-O 6. Nc3 Nbd7 7. O-O e5 8. b4 Re8 9. a4 e4 10. Nd2 Nf8 11. a5 h5 12. b5 Bf5 13. Ba3 N8h7 14.
Nd5 h4 15. Qb3 h3 16. g3 Ng5 17. b6 axb6 18. axb6 Nxd5 19. cxd5 cxb6 20. Nc4 Bf8 21. Qxb6 Qd7 22. Nxd6 Rxa3 23. Nxe8 Qxe8 24. Qxb7 Kg7 25. Qc6 Qb8 26. Rab1 Qd8 27. Rb2 Nf3+ 28. Kh1 Ra7 29.
Rb7 Rxb7 30. Qxb7 Qa5 31. Bxf3 exf3 32. d6 Bd3 33. Rg1 Bxd6 34. Qxf3 Qa2 35. Re1 Qc2 36.
Kg1 Bb4 37. Ra1 Bc3 38. Qd1 Bxa1 39. Qxa1 Be4 40. d5+ Kh7 41. d6 Qe2 42. Qf1 Qxf1+ 43. Kxf1 Bc6 44. g4 Kg7 45. f3 Kf6 46. Kf2 Ke6 47. Kg3 Kxd6 48. e4 Ke5 49. Kxh3 Kf4 50. Kg2 g5 51. Kf2 f6 52. Ke2 Bb5+ 53. Kf2 Ba4 54. Ke2 Bb3 55. Kf2 Bd1 56. e5 fxe5 57. Kg2 Bxf3+ 58. Kh3 Bxg4+ 0-1

[Event "*** Titled Tuesday Blitz"]
[Site "Chess.com"]
[Date "2018.01.02"]
[Round "6"]
[White "ramses135"]
[Black "TregubovP"]
[Result "1/2-1/2"]
[WhiteElo "2387"]
[BlackElo "2522"]
[TimeControl "180+2"]
[EndTime "14:21:51 PST"]
[Termination "Game drawn - insufficient material"]

1. e4 c5 2. Nc3 e6 3. Nf3 Nc6 4.
d4 cxd4 5. Nxd4 Nf6 6. Nxc6 bxc6 7. e5 Nd5 8. Ne4 Qc7 9. f4 Qb6 10. c4 Bb4+ 11. Ke2 f5 12. Nf2 Ba6 13. Kf3 Ne7 14. Be3 Bc5 15. Bxc5 Qxc5 16. b3 g5 17. fxg5 Qxe5 18.
Bd3 c5 19. Nh3 Bb7+ 20. Kf2 Qd4+ 21. Kf1 Ng6 22. Be2 Qe5 23. Rc1 O-O 24. Bf3 Bxf3 25.
Qxf3 d5 26. Re1 Qd6 27. g3 d4 28. Nf4 e5 29. Nd5 e4 30. Qh5 Rae8 31. Kg2 f4 32. gxf4 Nxf4+ 33. Nxf4 Qxf4 34. Rhf1 Qe5 35. Qg4 e3 36. h4 d3 37. Qd7 e2 38. Rxf8+ Rxf8 39. Qxd3 Re8 40. Qd5+ Qxd5+ 41. cxd5 Re4 42. Kf3 Rxh4 43.
Rxe2 Rd4 44. Re5 Kf7 45. d6 Rxd6 46. Rxc5 Ra6 47. a4 Rb6 48. Rb5 Rc6 49. Rb7+ Kg6 50. Kf4 Rc3 51. b4 Rc4+ 52. Ke5 Kxg5 53. Kd5 Rf4 54.
Rxh7 Rxb4 55. Rxa7 Kf6 56. a5 Rb1 57. a6 Ra1 58. Kc6 Ke6 59. Ra8 Rc1+ 60. Kb7 Rb1+ 61. Ka7 Kd7 62. Rb8 Rc1 63. Rb3 Kc7 64. Rb2 Rc3 65. Rh2 Rc1 66. Rh7+ Kc8 67. Rh8+ Kc7 68. Rh7+ Kc8 69. Rh5 Kc7 70. Rg5 Kc8 71. Kb6 Rb1+ 72. Rb5 Rxb5+ 73. Kxb5 Kb8 74. a7+ Kxa7 1/2-1/2

[Event "*** Titled Tuesday Blitz"]
[Site "Chess.com"]
[Date "2018.01.02"]
[Round "6"]
[White "LuisFSiles"]
[Black "51616516516"]
[Result "0-1"]
[WhiteElo "2219"]
[BlackElo "2092"]
[TimeControl "180+2"]
[EndTime "14:22:11 PST"]
[Termination "51616516516 won by resignation"]

1. d4 Nf6 2. c4 g6 3. Nc3 Bg7 4. e4 d6 5. Nf3 O-O 6. Be2 e5 7. O-O Nc6 8. d5 Ne7 9. b4 Nh5 10.
Re1 Nf4 11. Bf1 f5 12. g3 fxe4 13. Nxe4 Nh3+ 14. Kg2 Bg4 15. Be2 Nf5 16. Nfg5 Bxe2 17. Qxe2 Nxg5 18. Bxg5 Qd7 19. Be3 h6 20. f3 g5 21.
Rad1 a5 22. b5 b6 23. Rf1 Rf7 24. Bg1 Raf8 25. Rd3 Ne7 26. h3 Ng6 27. a4 Qf5 28. Be3 Bf6 29. Rf2 Bd8 30. Rd1 Rg7 31. Kh2 h5 32.
Rg1 h4 33. g4 Qf7 34. Re1 Nf4 35. Bxf4 Qxf4+ 36. Kg2 Rgf7 37. Ref1 Kg7 38. Qd2 Qxd2 39. Nxd2 Rf4 40. Re2 Rd4 41. Rd1 Rff4 42. Re4 Rfxe4 43. fxe4 Rd3 44. Kh2 Ra3 45. c5 bxc5 46. Nc4 Rxa4 47. Rc1 Ra2+ 48. Kg1 a4 49. b6 cxb6 50. Nxd6 a3 51.
Nf5+ Kf7 52. d6 Ke6 53. Rd1 Kd7 54. Ne3 Rb2 55. Nc4 Rb3 56. Nxe5+ Ke6 57. Nc6 a2 58.
Nxd8+ Kd7 59. e5 Rb1 60. e6+ Kxd8 61. e7+ Kd7 62. e8=Q+ Kxe8 63. d7+ Kd8 64. Kg2 Rxd1 0-1

[Event "*** Titled Tuesday Blitz"]
[Site "Chess.com"]
[Date "2018.01.02"]
[Round "6"]
[White "Dr-Bassem"]
[Black "dawtonlms"]
[Result "1-0"]
[WhiteElo "2646"]
[BlackElo "2410"]
[TimeControl "180+2"]
[EndTime "14:22:12 PST"]
[Termination "Dr-Bassem won by resignation"]

1. e4 e6 2. d3 d5 3. Nd2 Nf6 4. Ngf3 Nc6 5. c3 dxe4 6. dxe4 e5 7. Bb5 Bd6 8. O-O Bd7 9. Nc4 Qe7 10. Nxd6+ cxd6 11. Qd3 a6 12. Ba4 Rd8 13. Bg5 h6 14.
Bh4 g5 15. Bg3 b5 16. Bb3 Be6 17. Rfd1 O-O 18. Qe3 Nd7 19. Bd5 Na5 20. b3 Rc8 21. Rac1 Nc6 22. Bxe6 Qxe6 23. Qd2 Nc5 24. Qxd6 Qxd6 25.
Rxd6 Nxe4 26. Rxh6 Kg7 27. Rxc6 Rxc6 28. Bxe5+ Kg6 29. Kf1 f6 30. Bd4 Rfc8 31. b4 Nxc3 32. a3 Ne4 33. Re1 Nd6 34. Bc5 Nc4 35. Nd4 Rxc5 36.
bxc5 Rxc5 37. Ra1 Rd5 38. Nc6 Rd2 39. a4 Nb2 40. axb5 axb5 41. Nb4 Nd3 42. Nxd3 Rxd3 43.
Ra6 Rd5 44. Rb6 Kf5 45. Ke2 Re5+ 46. Kf3 Rc5 47. g4+ Kg6 48. Kg3 Rc3+ 49. f3 Rc5 50. h4 gxh4+ 51. Kxh4 Kf7 52. f4 Rd5 53. f5 Rc5 54.
Rb7+ Ke8 55. Kh5 Kd8 56. Kg6 Rc4 57. Kxf6 Rxg4 58. Rxb5 Ra4 59. Re5 Rg4 60. Kf7 Kd7 61.
f6 Kd6 62. Re1 Rg2 63. Kf8 Kd7 64. f7 Rg3 65. Rd1+ Ke6 66. Ke8 1-0

[Event "*** Titled Tuesday Blitz"]
[Site "Chess.com"]
[Date "2018.01.02"]
[Round "6"]
[White "Adham_Fawzy"]
[Black "MITerryble"]
[Result "0-1"]
[WhiteElo "2417"]
[BlackElo "2666"]
[TimeControl "180+2"]
[EndTime "14:22:18 PST"]
[Termination "MITerryble won by resignation"]

1. e4 e6 2. d4 d5 3. Nd2 Be7 4.
Ngf3 Nf6 5. e5 Nfd7 6. Bd3 c5 7. c3 Nc6 8. O-O g5 9. h3 h5 10. Re1 cxd4 11. Nxd4 Ndxe5 12. Bb5 Bd7 13. N2f3 Nxf3+ 14. Nxf3 g4 15. hxg4 hxg4 16. Bxc6 Bxc6 17. Ne5 g3 18. fxg3 Bc5+ 19. Be3 Qb6 20. Bd4 Rh7 21.
b4 Bxd4+ 22. Qxd4 Qxd4+ 23. cxd4 Rg7 24. Kf2 Bb5 25. a4 Bd7 26. Rac1 f6 27. Nd3 b6 28.
Nf4 Re7 29. Re3 Kf7 30. Rc7 a6 31. a5 bxa5 32. bxa5 Rae8 33. Ra7 Bb5 34. Rxe7+ Rxe7 35. Rc3 Bc4 36. Nd3 Rb7 37. Nc5 Rb5 38. Ra3 e5 39.
Ke3 Rb2 40. dxe5 fxe5 41. Kf3 Ke7 42. Na4 Rb5 43. Nb6 Rc5 44. g4 Bb5 45. g5 d4 46. g6 Kf6 47. Ke4 Bc6+ 48. Kd3 Kxg6 49. g3 Bb5+ 50. Ke4 Bc6+ 51. Kd3 Kf5 52. Kd2 e4 53.
Nc8 Ke6 54. Nb6 Bb5 55. g4 e3+ 56. Kd1 d3 57. Na4 e2+ 58. Kd2 Rc2+ 59. Ke3 e1=Q+ 60. Kd4 Qb4+ 61. Ke3 Re2+ 62. Kf3 Qe4+ 0-1

[Event "*** Titled Tuesday Blitz"]
[Site "Chess.com"]
[Date "2018.01.02"]
[Round "6"]
[White "ChristopherYoo"]
[Black "ChainsOfFantasia"]
[Result "0-1"]
[WhiteElo "2300"]
[BlackElo "2467"]
[TimeControl "180+2"]
[EndTime "14:22:20 PST"]
[Termination "ChainsOfFantasia won by resignation"]

1. e4 c6 2. d4 d5 3. Nc3 dxe4 4. Nxe4 Bf5 5. Ng3 Bg6 6. h4 h6 7. h5 Bh7 8. Nf3 Nd7 9. Bd3 Bxd3 10. Qxd3 e6 11.
Bd2 Ngf6 12. O-O-O Be7 13. Kb1 Qb6 14. c4 Rd8 15. Qe2 O-O 16. Bc3 c5 17. d5 exd5 18. cxd5 Rfe8 19. Qc4 Bd6 20. Rhe1 Bxg3 21. fxg3 Nxh5 22.
Qg4 Qg6+ 23. Qxg6 fxg6 24. g4 Nf4 25. g3 Rxe1 26. Bxe1 Nh3 27. d6 Kf7 28. Bc3 Re8 29. Rf1 Kg8 30. Ne5 Nxe5 31. Re1 Ng5 32. Rxe5 Rxe5 33.
Bxe5 Kf7 34. d7 Ne6 35. Bd6 Nd8 36. Bxc5 b6 37. Bd4 h5 38. g5 Ke6 39. Bxg7 Kxd7 40. Kc2 Ke6 41. Kd3 Kf5 42. Bf6 Ne6 43. Ke3 Nxg5 44. Be7 Ne4 45. Kf3 Nd2+ 46. Kg2 Nc4 47. b3 Ne5 48. Bd6 Nd3 49. Bb8 a6 50. a4 b5 51.
axb5 axb5 52. Bd6 Ke4 53. Kh3 Kf5 54. Kg2 Nc1 55. b4 Nd3 56. Kh3 Nf2+ 57. Kg2 Ne4 58.
Bf8 Kg4 59. Bc5 Nxg3 60. Bd6 Nf5 61. Be5 g5 62. Bc7 h4 63. Bb8 h3+ 64. Kh1 Kf3 65.
Bc7 g4 66. Bb8 g3 67. Bc7 Kf2 68. Bb6+ Kf1 69. Bg1 Nh6 0-1

[Event "*** Titled Tuesday Blitz"]
[Site "Chess.com"]
[Date "2018.01.02"]
[Round "6"]
[White "Squirlolz"]
[Black "Muracle"]
[Result "1/2-1/2"]
[WhiteElo "2492"]
[BlackElo "2502"]
[TimeControl "180+2"]
[EndTime "14:22:26 PST"]
[Termination "Game drawn by agreement"]

1. e4 d5 2. exd5 Qxd5 3. Nf3 Nf6 4. d4 g6 5. Be2 Bg7 6. O-O O-O 7. Re1 a6 8. c4 Qd8 9. Nc3 Bf5 10. Bf4 Ne4 11. Nxe4 Bxe4 12. Be5 Bxe5 13. Nxe5 Nd7 14. Nxd7 Qxd7 15.
Bf3 Bxf3 16. Qxf3 Qxd4 17. Qxb7 Rab8 18. Qxc7 Rxb2 19. Qg3 Qxc4 20. h4 Rxa2 21. Rxa2 Qxa2 22. Rxe7 Qb1+ 23. Kh2 Qb5 24. Re5 Qb8 25. h5 Re8 26. Ra5 Qxg3+ 27. Kxg3 Ra8 28. Kf4 f6 29. hxg6 hxg6 30.
g4 Kf7 31. g5 f5 32. Ke5 Re8+ 33. Kd5 Re6 34. Rc5 Rb6 35. Rc7+ Ke8 36. Ra7 Rb5+ 37.
Ke6 Rb6+ 38. Kd5 Kd8 39. Kc5 Rb5+ 40. Kd6 Rb6+ 41. Kd5 Kc8 42. Rg7 Kb8 43. Kc5 Re6 44. Kd5 Rb6 45. Kc5 Rb5+ 46. Kc6 Rb2 47. Rg8+ Ka7 48.
Rg7+ Ka8 49. Rg8+ Rb8 50. Rxg6 a5 51. Rf6 Ka7 52. Rxf5 Ka6 53. g6 Rb6+ 54. Kd5 Rxg6 55.
Kc4 Rc6+ 56. Kb3 Kb6 57. f4 Re6 58. Rh5 Re3+ 59. Kc4 Re4+ 60. Kb3 Rxf4 61. Rg5 Rf3+ 62. Ka2 Rf2+ 63. Kb3 Rf4 64. Ka2 Rb4 65. Ka3 Rb1 66. Ka2 Rb4 67. Ka3 1/2-1/2

[Event "*** Titled Tuesday Blitz"]
[Site "Chess.com"]
[Date "2018.01.02"]
[Round "6"]
[White "SmoothAsAHedgehog"]
[Black "temiksmozg"]
[Result "1-0"]
[WhiteElo "2531"]
[BlackElo "2468"]
[TimeControl "180+2"]
[EndTime "14:22:36 PST"]
[Termination "SmoothAsAHedgehog won by resignation"]

1. b3 e5 2. Bb2 Nc6 3. e3 Nf6 4. Bb5 Bd6 5. Ne2 O-O 6. O-O Re8 7. d3 a6 8. Bxc6 dxc6 9. e4 Nd7 10. Ng3 Nf8 11.
Nd2 Ne6 12. Qf3 c5 13. Nc4 f6 14. Ne3 Nd4 15. Qd1 b5 16. Kh1 g6 17. Nd5 Be6 18.
c3 Nc6 19. f4 Rf8 20. f5 Bxd5 21. exd5 Ne7 22. c4 Qd7 23. Qg4 Kh8 24. Rae1 Rg8 25.
Qh4 Raf8 26. Bc1 gxf5 27. Qh3 c6 28. dxc6 Qxc6 29. Nxf5 Nxf5 30. Rxf5 Rg6 31. Ref1 Rfg8 32. R1f2 Be7 33. Qf3 Qxf3 34. R5xf3 Kg7 35. Bb2 Bd6 36. Rf5 Re8 37. g3 Kf7 38. Re2 Ke6 39. Rf1 h5 40. cxb5 axb5 41. b4 cxb4 42. d4 h4 43. dxe5 fxe5 44. gxh4 Rh8 45. Re4 Rgh6 46. Rff4 Kd5 47. Rg4 Rf8 48. Re2 Rf4 49. Rg5 Re4 50. Rd2+ Ke6 51. h5 Be7 52. Rg6+ Rxg6 53.
hxg6 Bf6 54. h3 Rh4 55. Kh2 Bg5 56. Rg2 Bf4+ 57. Kg1 Rh8 58. h4 Kf6 59. h5 Kg7 60.
Rg4 Be3+ 61. Kg2 Bd4 62. Rxd4 Rxh5 63. Rd6 Rf5 64. Re6 1-0

[Event "*** Titled Tuesday Blitz"]
[Site "Chess.com"]
[Date "2018.01.02"]
[Round "6"]
[White "Blitzstream"]
[Black "VerdeNotte"]
[Result "1/2-1/2"]
[WhiteElo "2508"]
[BlackElo "2665"]
[TimeControl "180+2"]
[EndTime "14:22:41 PST"]
[Termination "Game drawn - insufficient material"]

1. e4 c5 2. Nf3 d6 3. b3 Nf6 4. Nc3 Bg4 5. Bb2 Nc6 6. Be2 Bxf3 7. Bxf3 e5 8. O-O Be7 9. Re1 O-O 10. Ne2 Re8 11. Ng3 Bf8 12. c3 d5 13. d3 d4 14. c4 g6 15. h4 Bh6 16. h5 Bf4 17.
Bc1 Bxg3 18. fxg3 Nxh5 19. Bxh5 gxh5 20. Qxh5 Qf6 21. Rf1 Qg6 22. Qh4 Re6 23. Rf5 f6 24.
Bd2 Ne7 25. Rh5 Kh8 26. Rf1 Qg7 27. Qh3 Rd6 28. g4 Ng6 29. Rhf5 Rg8 30. g5 fxg5 31. Bxg5 Nf4 32. Bxf4 exf4 33. R1xf4 Rh6 34. Qf3 Rg6 35. g4 b6 36. Rf7 Rxg4+ 37. Rxg4 Qxg4+ 38. Qxg4 Rxg4+ 39. Kf2 a5 40. Rb7 Rg6 41. Kf3 h5 42. Rd7 h4 43.
Rd5 Rg3+ 44. Kf4 Rxd3 45. Rh5+ Kg7 46. Rxh4 a4 47. Ke5 axb3 48. axb3 Rxb3 49. Kd6 d3 50. Rh1 Rc3 51. Kd5 d2 52. Rd1 Rd3+ 53. Kc6 Kf6 54.
Kxb6 Ke5 55. Kxc5 Kxe4 56. Kb5 Rb3+ 57. Kc6 Kd3 58. c5 Kc2 59. Rxd2+ Kxd2 60. Kd6 Rd3+ 61. Ke7 Rc3 62. Kd6 Rd3+ 63. Ke7 Rh3 64. c6 Rh7+ 65.
Kd8 Rh8+ 66. Kd7 Rh7+ 67. Kd8 Kd3 68. c7 Rh8+ 69. Kd7 Rh7+ 70. Kd8 Kd4 71. c8=Q Rh8+ 72. Kc7 Rxc8+ 73. Kxc8 1/2-1/2

[Event "*** Titled Tuesday Blitz"]
[Site "Chess.com"]
[Date "2018.01.02"]
[Round "6"]
[White "ZapataCharlesS"]
[Black "severomorskij"]
[Result "0-1"]
[WhiteElo "2629"]
[BlackElo "2667"]
[TimeControl "180+2"]
[EndTime "14:22:44 PST"]
[Termination "severomorskij won by resignation"]

1. d4 Nf6 2. Bg5 d5 3. Bxf6 exf6 4. e3 Bd6 5. c4 dxc4 6. Bxc4 O-O 7. Nf3 c6 8. O-O f5 9. Nc3 Nd7 10. Rc1 Qe7 11.
Re1 Nf6 12. g3 g6 13. Bf1 Be6 14. Nd2 Rfe8 15. Bc4 Kg7 16. Bxe6 Qxe6 17. Qb3 Qe7 18. Nc4 Rad8 19. Nxd6 Rxd6 20. Red1 h5 21. h4 Ng4 22.
Qc2 g5 23. Qxf5 gxh4 24. e4 hxg3 25. fxg3 Ne3 26. Qe5+ Qxe5 27. dxe5 Rxd1+ 28. Nxd1 Nxd1 29. Rxd1 Rxe5 30. Rd7 Rb5 31. b3 Kf6 32. Kf2 Ke6 33.
Rc7 a5 34. Ke3 Rb4 35. Kf3 f6 36. Rh7 a4 37. bxa4 Rxa4 38. Rxb7 Rxa2 39. Rh7 Ra5 40. g4 hxg4+ 41. Kxg4 Ra1 42. Kf4 c5 43. Rh5 Kd6 44.
Ke3 Re1+ 45. Kd3 Rd1+ 46. Kc2 Rd4 47. Rf5 Ke6 48. Rxc5 Rxe4 49. Kd2 f5 50. Rc8 Kf6 51. Rc1 Kg5 52. Kd3 Re5 53. Rg1+ Kf4 54. Kd4 Re4+ 55.
Kd5 Re3 56. Kd4 Rg3 57. Ra1 Kg4 58. Ra8 f4 59. Rg8+ Kf3 60. Ra8 Kg4 61. Rg8+ Kf3 62. Ra8 Rg7 63. Ke5 Rg5+ 64. Ke6 Kg3 65. Ra5 Rxa5 0-1

[Event "*** Titled Tuesday Blitz"]
[Site "Chess.com"]
[Date "2018.01.02"]
[Round "6"]
[White "Konavets"]
[Black "RoelandPruijssers"]
[Result "0-1"]
[WhiteElo "2730"]
[BlackElo "2537"]
[TimeControl "180+2"]
[EndTime "14:22:48 PST"]
[Termination "RoelandPruijssers won by resignation"]

1. e4 c5 2. Nf3 d6 3. d4 cxd4 4.
Nxd4 Nf6 5. Nc3 Nc6 6. Bg5 Bd7 7.
Qd2 Rc8 8. O-O-O Nxd4 9. Qxd4 Qa5 10. f4 Rxc3 11. Bxf6 Rc8 12. Bxg7 Qc7 13. Bc4 e5 14. Qd5 Bc6 15. Qxf7+ Qxf7 16. Bxf7+ Kxf7 17. Bxh8 Bh6 18. g3 Rxh8 19. Rxd6 Bf8 20. Rd2 exf4 21. Rf1 Ke6 22. gxf4 Bxe4 23. f5+ Kf7 24. Rd4 Bh6+ 25. Kb1 Bc6 26.
Rd6 Bg5 27. Re1 Rg8 28. b4 Be7 29. Rh6 Bxb4 30. Rxh7+ Kf6 31. Rf1 Rg2 32. Rh6+ Kf7 33. f6 Be4 34. Kb2 Bxc2 35. Rc1 Be4+ 36. Kb3 Bd6 37. a3 Bf4 38. Rh4 Bd5+ 39. Rc4 Bg5 40. Rd4 Bxc4+ 41. Kxc4 Rb2 42. Rd7+ Kxf6 43. a4 Be3 44. a5 Rb1 45. h4 Kg6 46. Re7 Bf2 47. Rd7 b5+ 48. axb6 Bxb6 49. Rd5 Rh1 50. Kb5 Rxh4 51.
Rd6+ Kf5 52. Rd1 Re4 53. Ka6 Ke5 54. Kb5 Rd4 55. Re1+ Kd5 56. Rh1 Rd2 57. Rh5+ Kd6 58. Ka6 Kc7 59. Rh7+ Rd7 60. Rh6 Bd4 61. Rh4 Rd6+ 62. Kb5 a6+ 63. Ka4 Kb6 64. Rh7 Bc5 65. Rh2 Rd4+ 66. Kb3 a5 67. Ka2 Kb5 68. Rb2+ Rb4 69.
Rh2 a4 70. Rh8 Rf4 71. Rb8+ Bb6 72. Ka3 Rf3+ 73. Ka2 Ka5 74. Kb2 Rb3+ 75. Ka2 Rf3 76. Kb2 Bd4+ 77. Ka2 Rf2+ 78. Kb1 a3 79. Ra8+ Kb4 80.
Rb8+ Kc4 81. Ra8 Bc5 82. Rc8 Kb3 0-1